 Dungeon Crawl Stone Soup version 0.25-a0-1079-g858b6a6ff6 (webtiles) character file.

Game seed: 14945900197765670100, levelgen mode: deterministic

20 HoaS the Insei (level 2, -1/24 HPs)
             Began as a Demigod Gladiator on May 15, 2020.
             Slain by Sigmund
             ... wielding a +0 scythe
              (3 damage)
             ... on level 2 of the Dungeon.
             The game lasted 00:01:56 (755 turns).

HoaS the Insei (Demigod Gladiator)                   Turns: 755, Time: 00:01:57

Health: -1/24      AC:  9    Str: 17    XL:     2   Next: 42%
Magic:  4/4        EV:  8    Int: 12    God:
Gold:   90         SH:  0    Dex: 17    Spells: 1/1 levels left

rFire    . . .     SeeInvis .     - Unarmed
rCold    . . .     Gourm    .   (no shield)
rNeg     . . .     Faith    .   f - +0 chain mail
rPois    .         Spirit   .   b - +0 helmet
rElec    .         Reflect  .   (no cloak)
rCorr    .         Harm     .   (no gloves)
MR       .....                  (no boots)
Stlth    ..........             (no amulet)
HPRegen  0.08/turn              (no ring)
MPRegen  0.09/turn              (no ring)

@: confused
A: high mp 1
a: no special abilities


You were on level 2 of the Dungeon.
You were not hungry.

You visited 1 branch of the dungeon, and saw 2 of its levels.

You collected 90 gold pieces.

Inventory:

Missiles
 c - a throwing net (quivered)
 j - 11 poisoned darts
Armour
 b - a +0 helmet (worn)
 f - a +0 chain mail (worn)
Scrolls
 e - 6 scrolls of identify {unknown}
 h - a scroll of magic mapping {unknown}
 i - 3 scrolls of remove curse {unknown}
Potions
 g - a potion of degeneration {unknown}
Comestibles
 a - a chunk of flesh
 d - 3 rations


   Skills:
 + Level 2.1 Fighting
 - Level 1.7 Throwing
 + Level 0.9 Armour
 - Level 2.6 Dodging
 * Level 3.1 Unarmed Combat


You had one spell level left.
You didn't know any spells.
Your spell library was empty.

Dungeon Overview and Level Annotations

Branches:
Dungeon (2/15)

Annotations:
D:2 Sigmund


Innate Abilities, Weirdness & Mutations

You have an increased reservoir of magic. (+10% MP)


Message History

You hit something but do no damage. You punch something. Something hits you.
* * * LOW HITPOINT WARNING * * *
Your chain mail prevents you from hitting something.
Something completely misses you.
You miss something.
Your chain mail prevents you from hitting something.
Something hits you but does no damage.
You miss something. Something hits you but does no damage.
You miss something. You miss something. Something hits you but does no damage.
You closely miss something. You hit something.
Something hits you but does no damage.
You closely miss something.
You hear some strange, mumbled words.
Something tries to affect you, but you resist.
You closely miss something.
You hear some strange, mumbled words.
You are confused.
You completely miss something. Something hits you.
You die...

.(. ....
#.##... .
####.#...#..
.......$..
.......# .....
.. #{.# ..#
#@# ... #.#
###.# ... #.#
#...# ....
#.###.###
..... #.##..#
.....###.##.##
............#
............#
####.......#


There were no monsters in sight!

Vanquished Creatures
  An ooze (D:1)
  2 ball pythons (D:1)
  A bat (D:1)
  A giant cockroach (D:2)
  2 goblins (D:1)
  3 hobgoblins (D:1)
  A frilled lizard (D:1)
  3 kobolds (D:1)
14 creatures vanquished.

Notes
Turn   | Place    | Note
-------+----------+-------------------------------------------
     0 | D:1      | HoaS the Demigod Gladiator began the quest for the Orb.
     0 | D:1      | Reached XP level 1. HP: 17/17 MP: 3/3
   252 | D:1      | Reached skill level 3 in Unarmed Combat
   288 | D:1      | Reached XP level 2. HP: 24/24 MP: 4/4
   725 | D:2      | Noticed Sigmund
   744 | D:2      | HP: 1/24 [something (1)]
   755 | D:2      | Slain by Sigmund

Illustrated notes

Levels and vault maps discovered:
D:1:      heliophobic_arrival_enchanted_forest, layout_rooms
D:2:      layout_rooms, nicolae_ru_the_path_less_chosen,
          makhleb_heckhound_becter, cheibrodos_gnoll_hut, uniq_sigmund,
          uniq_terence

Skill      XL: |  1 |
---------------+----+-----
Unarmed Combat | 3 |  3.1
Fighting       | 2 |  2.1
Throwing       | |  1.7
Armour         | |  0.9
Dodging        | |  2.6

Action                   || total
-------------------------++-------
Melee: Unarmed           ||    78
       Punch             ||     2
Throw: Throwing net      ||     2
Armor: Chain mail        ||    29
       Leather armour    ||     3
Dodge: Dodged            ||    19

Table legend:
 A = Non-vault XP
 B = Vault XP
 C = Vault XP percentage of total XP
 D = Non-vault monster count
 E = Vault monster count
 F = Vault count percentage of total count
                 A         B        C        D         E       F
            +---------+---------+-------+---------+---------+-------
      Total |      29 |       0 |   0.0 |      14 |       0 |   0.0
            +---------+---------+-------+---------+---------+-------
        D:1 |      27 |       0 |   0.0 |      13 |       0 |   0.0
        D:2 |       2 |       0 |   0.0 |       1 |       0 |   0.0
            +---------+---------+-------+---------+---------+-------
